 Dungeon Crawl Stone Soup version 0.29-a0-322-g68df515428 (webtiles) character file.

Game seed: 14796964417140043160

837 Morbidden the Chopper (level 7, 0/47 (55) HPs)
             Began as a Demonspawn Fighter on Apr 9, 2022.
             Was an Initiate of Cheibriados.
             Slain by an orc
             ... wielding a +0 dagger
              (2 damage)
             ... on level 5 of the Dungeon.
             The game lasted 00:04:40 (5514 turns).

Morbidden the Chopper (Demonspawn Fighter)          Turns: 5514, Time: 00:04:41

HP:   0/47 (55)     AC: 18    Str: 18    XL:     7   Next: 66%
MP:   8/8           EV:  6    Int: 12    God:    Cheibriados [......]
Gold: 320           SH:  8    Dex: 13    Spells: 5/8 levels left

rFire   + . .      SeeInvis .   b - +1 flail (protect)
rCold   . . .      Faith    .   f - +0 kite shield
rNeg    . . .      Spirit   .   d - +0 chain mail
rPois   .          Reflect  .   (no helmet)
rElec   .          Harm     .   (no cloak)
rCorr   .          Rampage  .   (no gloves)
Will    +....                   (no boots)
Stlth   ..........              (no amulet)
HPRegen 0.15/turn               o - ring of willpower
MPRegen 0.11/turn               p - ring of protection from fire

@: under a protective aura, heavily drained, very slow
A: yellow scales 1, weakness stinger 1
a: Renounce Religion


You were on level 5 of the Dungeon.
You worshipped Cheibriados.
Cheibriados was noncommittal.
You visited 2 branches of the dungeon, and saw 6 of its levels.

You collected 320 gold pieces.

Inventory:

Hand Weapons
 a - a +0 war axe
 b - a +1 flail of protection (weapon)
 v - a +2 whip of flaming
Missiles
 e - a throwing net (quivered)
Armour
 d - a +0 chain mail (worn)
 f - a +0 kite shield (worn)
Jewellery
 o - a ring of willpower (left hand)
 p - a ring of protection from fire (right hand)
 q - a ring of fire
 w - an amulet of faith
Wands
 u - a wand of flame (4)
Scrolls
 c - 2 scrolls of enchant armour {unknown}
 g - 5 scrolls of identify {unknown}
 l - a scroll of fog {unknown}
 n - a scroll of fear {unknown}
 r - 3 scrolls of teleportation {unknown}
 s - a scroll of amnesia {unknown}
 t - a scroll of acquirement {unknown}
 y - a scroll of immolation {unknown}
Potions
 h - 3 potions of curing {unknown}
 i - a potion of mutation {unknown}
 j - a potion of degeneration {unknown}
 k - a potion of cancellation
 m - 3 potions of attraction {unknown}
 x - 3 potions of resistance {unknown}
 z - a potion of might


   Skills:
 * Level 4.5 Fighting
 * Level 5.0(5.1) Axes
 * Level 1.6(3.6) Maces & Flails
 + Level 4.0 Armour
 * Level 1.3 Dodging
 + Level 0.2 Stealth
 + Level 3.2 Shields
 * Level 1.2 Spellcasting
 * Level 2.7 Necromancy
 * Level 1.1 Invocations


You had 5 spell levels left.
You knew the following spells:

 Your Spells              Type           Power      Damage    Failure   Level
a - Vampiric Draining     Necr           7%         2d6       100%        3

Your spell library contained the following spells:

 Spells                   Type           Power      Damage    Failure   Level
 Beastly Appendage        Tmut           0%         N/A       100%        1
 Slow                     Hex            0%         N/A       100%        1
 Wereblood                Tmut           0%         N/A       100%        2
 Confusing Touch          Hex            0%         N/A       100%        3
 Spider Form              Tmut/Pois      0%         N/A       100%        3


Dungeon Overview and Level Annotations

Branches:
Dungeon (5/15)             Temple (1/1) D:4

Altars:
Ashenzari
Cheibriados
Dithmenos
Elyvilon
Gozag
Hepliaklqana
Kikubaaqudgha
Makhleb
Okawaru
Qazlal
Ru
Sif Muna
Uskayaw
Xom
Yredelemnul
Zin


Innate Abilities, Weirdness & Mutations

You are partially covered in yellow scales. (AC +2)
You have a small tail.


Message History

The orc throws a boomerang.
The boomerang hits you but does no damage.
Something hits you but does no damage.
You feel drained.
You hear some strange, mumbled words.
Something tries to affect you, but you resist.
You see here the +7 dagger "Haffes" {vamp, rF+ Int-3 Dex+2}.
You hear some strange, mumbled words.
Something tries to affect you, but you resist.
Something hits you but does no damage.
You feel drained.
Aiming: Throw Flame
Press: ? - help, Shift-Dir - straight line Something hits you but does no damage.
You feel drained. The orc hits you but does no damage.
Unknown command.
You closely miss the orc priest. Something hits you.
You feel drained. The orc barely misses you.
The orc priest mumbles some strange prayers to Beogh against you.
Beogh smites you!
Unknown command.
You sock the orc priest!
Your weapon exudes an aura of protection.
The orc priest is severely wounded.
Something hits you but does no damage.
You feel drained. The orc hits you with a +0 hand axe.
The orc priest miscasts a cantrip.
Unknown command.
You closely miss the orc priest.
Your tail-slap misses the orc priest.
The orc priest is severely wounded.
Something hits you.
You feel drained. You block the orc's attack.
The orc hits you but does no damage.
The orc priest invokes the aid of Beogh against you.
Beogh smites you!
* * * LOW HITPOINT WARNING * * *
You hear some strange, mumbled words.
A magic dart appears from out of thin air!
The magic dart hits you but does no damage.
The orc priest hits you with a +0 whip.
* * * LOW HITPOINT WARNING * * *
The orc hits you with a +0 dagger.
You die...

......... #........#
#.##....o#####..
#.##....o......# #.#
#.# #.# ####.####
#.###)......#
###..##{......#
#.....@o......#
#########....†oo......#
#.......###.##...#+####
#....... #P.P#.###.#
#...... ##≈.≈### #.#
###.....###≈≈.≈≈####.#
........#P≈≈≈.≈≈≈P##.#
#...................#
#########
#......#P≈≈≈.≈≈≈P#[.#
#.......#


You could see an orc priest and 2 orcs.

Vanquished Creatures
  Sigmund (D:2)
  An ogre (D:5)
  A centaur (D:5)
  2 bullfrogs (D:3)
  2 scorpions (D:5)
  2 hounds
  Terence (D:2)
  An iguana (D:4)
  Ijyb (D:3)
  3 gnolls (D:4)
  4 adders
  A worm (D:4)
  A dart slug (D:2)
  6 orcs
  4 ball pythons
  6 endoplasms
  4 giant cockroaches
  3 goblins
  6 hobgoblins
  8 kobolds
  6 quokkas
  4 bats
  6 rats
74 creatures vanquished.

Vanquished Creatures (others)
  2 plants
2 creatures vanquished.

Grand Total: 76 creatures vanquished

Notes
Turn   | Place    | Note
-------+----------+-------------------------------------------
     0 | D:1      | Morbidden the Demonspawn Fighter began the quest for the
                  | Orb.
     0 | D:1      | Reached XP level 1. HP: 18/18 MP: 1/1
   301 | D:1      | Gained mutation: You have a small tail. [demonic ancestry]
   301 | D:1      | Reached XP level 2. HP: 22/24 MP: 2/2
   424 | D:1      | Reached skill level 2 in Axes
   816 | D:2      | Noticed Sigmund
   878 | D:2      | Found an ancient bone altar of Kikubaaqudgha.
   912 | D:2      | Noticed Terence
   921 | D:2      | Killed Terence
   922 | D:2      | Reached XP level 3. HP: 18/29 MP: 3/3
  1389 | D:2      | Killed Sigmund
  1390 | D:2      | Reached skill level 3 in Axes
  1390 | D:2      | Reached XP level 4. HP: 37/37 MP: 4/4
  1390 | D:2      | Reached XP level 5. HP: 42/42 MP: 5/5
  1529 | D:2      | Found a faded altar of an unknown god.
  1938 | D:3      | Reached skill level 1 in Dodging
  2245 | D:3      | Noticed Ijyb
  2254 | D:3      | Killed Ijyb
  2255 | D:3      | Reached skill level 4 in Axes
  2255 | D:3      | Reached XP level 6. HP: 43/48 MP: 6/6
  2323 | D:3      | Learned a level 3 spell: Vampiric Draining
  3613 | D:4      | Reached skill level 1 in Necromancy
  3749 | D:4      | Found a staircase to the Ecumenical Temple.
  3776 | Temple   | Entered the Ecumenical Temple
  3872 | Temple   | Became a worshipper of Cheibriados the Contemplative
  4253 | D:4      | Gained mutation: You are partially covered in yellow
                  | scales. (AC +2) [demonic ancestry]
  4253 | D:4      | Reached XP level 7. HP: 54/54 MP: 8/8
  4862 | D:5      | Entered Level 5 of the Dungeon
  4973 | D:5      | Reached skill level 1 in Spellcasting
  5167 | D:5      | Reached skill level 1 in Maces & Flails
  5217 | D:5      | Reached skill level 1 in Invocations
  5233 | D:5      | Identified the +4 mace "Xaajutad" {vorpal, rElec rPois
                  | Str+4}
  5376 | D:5      | Reached skill level 5 in Axes
  5508 | D:5      | Identified the +7 dagger "Haffes" {vamp, rF+ Int-3 Dex+2}
  5514 | D:5      | HP: 2/47 [orc priest/+0 whip (3)]
  5514 | D:5      | Slain by an orc

Illustrated notes

Levels and vault maps discovered:
D:1:      minmay_arrival_jagged, layout_basic
D:2:      layout_basic, basic_altar, chequers_ecumenical_altar_lobes,
          uniq_sigmund, uniq_terence
D:3:      layout_loops_ring, saegor_snake_ambush, uniq_ijyb
D:4:      layout_loops_corners, minmay_temple_entry_gardened_gates,
          grunt_ministairs_15
D:5:      corexii_shack_village, layout_basic, dreamdust_princess_bridge,
          minmay_pentangle
Temple:   minmay_temple_bridge_d

Skill      XL: |  1  2  3  4  5  6  7 |
---------------+----------------------+-----
Armour         | 3 4 |  4.0
Axes           | 2 3 4 5 |  5.0
Shields        | 3 |  3.2
Dodging        | 1 |  1.3
Fighting       | 4 |  4.5
Necromancy     | 1 2 |  2.7
Spellcasting   | 1 |  1.2
Maces & Flails | 1 |  1.6
Invocations    | 1 |  1.1
Stealth        | |  0.2

Action                   |  1- 3 |  4- 6 |  7- 9 || total
-------------------------+-------+-------+-------++-------
Melee: War axe           |    63 |   122 |       ||   185
       Tailslap          |     6 |    24 |     7 ||    37
       Flail             |       |    10 |    72 ||    82
Evoke: Wand              |       |       |     1 ||     1
  Use: Potion            |     2 |     3 |       ||     5
Armor: Scale mail        |    35 |       |       ||    35
       Chain mail        |       |    64 |    72 ||   136
Dodge: Dodged            |    26 |    43 |    18 ||    87
Block: Kite shield       |    30 |    66 |    49 ||   145

Table legend: (Time is in decaauts)
 A = Elapsed time spent in this place.
 B = Non-inter-level travel time spent in this place.
 C = Inter-level travel time spent in this place.
 D = Time resting spent in this place.
 E = Time spent auto-exploring this place.
 F = Levels seen in this place.
 G = Mean time per level.
                   A        B        C        D        E       F      G
               +--------+--------+--------+--------+--------+-----+--------+
         Total |   5957 |   5556 |    401 |    967 |   3721 |   6 |  992.8 |
       Dungeon |   5519 |   5330 |    189 |    967 |   3506 |   5 | 1103.8 |
        Temple |    438 |    227 |    211 |      0 |    215 |   1 |  438.0 |
               +--------+--------+--------+--------+--------+-----+--------+

Top non-repeatable levels by time:
     D:4: 1714 daAuts
     D:3: 1245 daAuts
     D:2: 974 daAuts
     D:1: 872 daAuts
     D:5: 711 daAuts
  Temple: 438 daAuts
